 Dungeon Crawl Stone Soup version 0.26.0-5-gb5863c6483 (webtiles) character file.

Game seed: 2944509546167413195

74235 Gauvater the Carver (level 15, -10/122 HPs)
             Began as a Formicid Fighter on Jan 9, 2021.
             Was the Champion of Zin.
             Mangled by a sun demon (28 damage)
             ... summoned by an orc high priest
             ... on level 2 of the Orcish Mines on Jan 10, 2021.
             The game lasted 04:18:26 (42907 turns).

Gauvater the Carver (Formicid Fighter)             Turns: 42907, Time: 04:18:56

Health: -10/122    AC: 11    Str: 30    XL:     15   Next: 93%
Magic:  23/23      EV: 12    Int: 13    God:    Zin [******]
Gold:   901        SH: 17    Dex: 14    Spells: 18/18 levels left

rFire    x . .     SeeInvis +   O - +5 great sword (freeze)
rCold    + . .     Faith    .   c - +5 kite shield
rNeg     . . .     Spirit   .   U - +6 chain mail {Will+}
rPois    ∞         Reflect  .   (helmet unavailable)
rElec    .         Harm     .   P - +2 cloak
rCorr    .         Rampage  .   o - +0 pair of gloves
Will     +++..                  p - +0 pair of boots
Stlth    +.........             (no amulet)
HPRegen  0.30/turn              j - ring of ice
MPRegen  0.18/turn              s - ring of willpower

@: vitalised, corroded
A: permanent stasis, dig shafts and tunnels, four strong arms, antennae 3
a: Dig, Shaft Self, Renounce Religion, Recite, Vitalisation, Imprison,
Sanctuary, Donate Gold


You were on level 2 of the Orcish Mines.
You worshipped Zin.
Zin was exalted by your worship.
You visited 3 branches of the dungeon, and saw 21 of its levels.
You also visited: Ossuary.

You collected 2490 gold pieces.
You spent 1274 gold pieces at shops.
You donated 315 gold pieces to Zin.

Inventory:

Hand Weapons
 a - a +0 war axe
 d - a +0 arbalest
 x - a +3 scimitar of flaming
 G - the +4 hand axe of the Battered Tales {speed, rN++ Dex-4 SInv}
   (You bought it in a shop on level 13 of the Dungeon)

   Attacks with this weapon are significantly faster.
   It affects your dexterity (-4).
   It greatly protects you from negative energy.
   It lets you see invisible.
 O - a +5 great sword of freezing (weapon)
 T - a +4 scimitar of freezing
 Y - a +2 flail of holy wrath
 Z - a +4 dagger of venom
Missiles
 f - 19 boomerangs (quivered)
 g - 2 boomerangs of dispersal
 m - 2 atropa-tipped darts
 C - 2 throwing nets
 K - 66 poisoned darts
 Q - 4 curare-tipped darts
 R - 164 bolts
 W - 2 javelins
Armour
 c - a +5 kite shield (worn)
 o - a +0 pair of gloves (worn)
 p - a +0 pair of boots (worn)
 M - a +1 chain mail of cold resistance
 P - a +2 cloak (worn)
 U - a +6 chain mail of willpower (worn)
 V - a +2 kite shield
Magical Staves
 e - an uncursed staff of conjuration
Jewellery
 j - a ring of ice (left hand)
 s - a ring of willpower (right hand)
 J - an uncursed ring of protection from fire
 S - a +4 ring of evasion
Wands
 u - a wand of iceblast (26)
 y - a wand of paralysis (9)
 N - a wand of enslavement (5)
Scrolls
 h - 8 scrolls of magic mapping
 i - 13 scrolls of remove curse
 v - 7 scrolls of amnesia
 B - a scroll of immolation
 D - 2 scrolls of fog
 F - a scroll of identify
 L - a scroll of silence
Potions
 k - 2 potions of cancellation
 l - 7 potions of curing
 n - a potion of magic {unknown}
 r - a potion of ambrosia {unknown}
 t - a potion of invisibility
 w - a potion of might
 z - 6 potions of flight
 A - 2 potions of mutation {unknown}
 H - a potion of haste {unknown}
 X - 3 potions of brilliance
Miscellaneous
 b - a lightning rod (3/4)
 q - a tin of tremorstones (2/2)
 I - a phantom mirror


   Skills:
 * Level 12.6 Fighting
 + Level 0.1(8.6) Short Blades
 * Level 13.2 Long Blades
 + Level 10.1(10.4) Axes
 + Level 3.6(7.5) Maces & Flails
 + Level 4.6 Crossbows
 + Level 3.7 Throwing
 + Level 8.5 Armour
 * Level 6.2 Dodging
 * Level 9.9 Stealth
 - Level 9.0 Shields
 - Level 2.3 Spellcasting
 * Level 10.8 Invocations
 - Level 0.1 Evocations


You had 18 spell levels left.
You didn't know any spells.
Your spell library contained the following spells:

 Spells                   Type           Power        Failure   Level
 Animate Skeleton         Necr           2%           69%         1
 Apportation              Tloc           2%           69%         1
 Beastly Appendage        Tmut           2%           69%         1
 Corona                   Hex            1%           69%         1
 Magic Dart               Conj           4%           69%         1
 Summon Small Mammal      Summ           4%           69%         1
 Searing Ray              Conj           2%           83%         2
 Slow                     Hex            1%           83%         2
 Wereblood                Tmut           1%           83%         2
 Confusing Touch          Hex            1%           96%         3
 Dazzling Flash           Conj/Hex       2%           96%         3
 Inner Flame              Hex/Fire       1%           96%         3
 Portal Projectile        Hex/Tloc       2%           96%         3
 Spider Form              Tmut/Pois      0%           96%         3
 Cause Fear               Hex            0%           100%        4
 Fulminant Prism          Conj/Hex       0%           100%        4
 Ice Form                 Ice/Tmut       2%           100%        4
 Iskenderun's Mystic Bla  Conj/Tloc      1%           100%        4
 Leda's Liquefaction      Hex/Erth       0%           100%        4
 Blade Hands              Tmut           0%           100%        5
 Bolt of Magma            Conj/Fire/Erth 0%           100%        5
 Metabolic Englaciation   Hex/Ice        1%           100%        5
 Silence                  Hex/Air        0%           100%        5
 Yara's Violent Unravell  Hex/Tmut       0%           100%        5
 Freezing Cloud           Conj/Ice/Air   1%           100%        6
 Iron Shot                Conj/Erth      0%           100%        6
 Ozocubu's Refrigeration  Ice            1%           100%        6
 Simulacrum               Ice/Necr       1%           100%        6
 Statue Form              Tmut/Erth      0%           100%        6
 Shatter                  Erth           0%           100%        9


Dungeon Overview and Level Annotations

Branches:
Dungeon (13/15)            Temple (0/1) D:6            Lair (6/6) D:8
 Shoals (0/4) Lair:4       Spider (0/4) Lair:3        Slime (0/5) Lair:5
    Orc (2/2) D:12            Elf (0/3) Orc:2       Ossuary (visited)
 Vaults: D:13-14

Altars:
Cheibriados
Dithmenos
Fedhas
Gozag
Kikubaaqudgha
Qazlal
Sif Muna
Vehumet
Yredelemnul
Zin
The Shining One
Beogh
Jiyva

Shops:
D:2 *   D:7 }!![[   D:9 [   D:11 !   D:13 (   Orc:1 (   Orc:2 !*

Portals:
Trove: D:11 (give +7 demon whip)

Annotations:
D:3 1 runed translucent door, Crazy Yiuf
D:12 1 runed translucent door, exclusion: door


Innate Abilities, Weirdness & Mutations

You cannot be hasted, slowed, berserked, paralysed or teleported.
You can dig through walls and to a lower floor.
Your four strong arms can wield two-handed weapons with a shield.
You have a pair of large antennae on your head. (SInv)


Message History

The orc high priest mumbles some strange prayers to Beogh.
Okay, then.
As you read the scroll of fear, it crumbles to dust.
You assume a fearsome visage.
The sun demon is unaffected.
The red devil is unaffected.
The orange demon is unaffected.
The orc high priest resists with some effort.
The orc priest looks frightened! x2; The neqoxec is unaffected.
The orc priest looks frightened!
The red devil closely misses you. You block the orange demon's attack. x2
The neqoxec gestures at you.
Strange energies course through your body.
Zin protects your body from mutation!
The orc high priest hits you but does no damage.
The orange demon stings you from afar.
* * * LOW HITPOINT WARNING * * *
The red devil hops backward while attacking.
You block the red devil's attack. The sun demon hits you!
* * * LOW HITPOINT WARNING * * *
You are engulfed in flames!!
The fire burns you terribly!
You die...

##.....).o##
#.o.#
##....#.[{##{{
#{..#
##...#....## {
#o#.
##∩.#.oo..## {
{{..
#.....#..##
{{{ {
##∩.#.....## {
##...#..o.## {
##....#..4## {
# ##).)3@.4.##
{ { #
##).###...#
####
##..###3..#
##.##
##..###.o.#
#...##
##.)###.#.#
#....#
##..###...#
....###
##..###.##
....#.##
##))####
.......##
##..#####


You could see an orc high priest, a sun demon (summoned), an orange demon
(summoned), a neqoxec, a red devil (summoned) and 3 orc priests.

Vanquished Creatures
  Josephine (Orc:2)
  Harold (Lair:2)
  9 hydras
  2 boulder beetles
  Erica (Lair:2)
  2 two-headed ogres
  9 death yaks
  Nergalle (D:8)
  A sixfirhy (Orc:2)
  A wizard (D:10)
  2 orc knights (Orc:2)
  2 ugly things
  A cyclops (shapeshifter) (D:13)
  A cyclops (D:13)
  2 manticores
  2 orc sorcerers (Orc:2)
  24 elephants
  4 black mambas
  A rust devil (Orc:1)
  16 cane toads
  A torpor snail (Lair:4)
  3 rime drakes
  13 komodo dragons
  A hellwing (Orc:2)
  6 trolls
  A hornet (D:13)
  5 polar bears
  3 blink frogs (Lair:1)
  Grinder (D:3)
  13 dream sheep
  A snapping turtle (Lair:4)
  4 wyverns
  3 redbacks (Lair:3)
  4 wraiths
  5 basilisks
  52 yaks
  Grum (D:11)
  2 wargs (Orc:1)
  Menkaure (D:4)
  An acid dragon (D:11)
  25 orc warriors
  5 large abominations (D:10)
  8 water moccasins
  2 sky beasts
  5 ice beasts
  5 black bears
  9 necrophages
  25 wolves
  16 ogres
  A phantom (D:6)
  3 centaurs
  7 small abominations (D:10)
  Blork the orc (D:4)
  A big kobold (D:5)
  13 orc priests
  A wyvern zombie (D:10)
  A water moccasin zombie (D:12)
  16 bullfrogs
  2 wyvern skeletons
  5 scorpions (Ossuary)
  5 killer bees
  2 howler monkeys (D:11)
  30 wights
  3 electric eels (D:8)
  6 centaur zombies
  6 crimson imps (D:9)
  A bullfrog zombie (D:5)
  A quasit (D:8)
  A bullfrog skeleton (D:4)
  14 hounds
  3 jellies
  2 centaur skeletons
  12 orc wizards
  2 gnoll shamans
  4 human zombies (Ossuary)
  Jessica (D:2)
  4 iguanas
  7 hell rats
  5 worker ants
  Natasha (thrice) (D:3)
  A killer bee zombie (D:4)
  2 big kobold zombies (Ossuary)
  A hound zombie (D:7)
  A hound skeleton (D:4)
  4 mummies
  A worker ant zombie (D:10)
  Robin (D:4)
  12 gnolls
  3 scorpion zombies (Ossuary)
  14 adders
  3 shadow imps
  6 white imps
  An ufetubus (D:6)
  An adder zombie (D:5)
  A worm (D:4)
  5 dart slugs
  4 leopard geckos
  73 orcs
  2 ball pythons
  11 bats
  6 giant cockroaches
  3 gnoll zombies
  13 goblins
  19 hobgoblins
  12 jackals
  5 quokkas
  3 frilled lizards (D:3)
  6 goblin zombies
  18 kobolds
  2 kobold zombies (Ossuary)
  An orc zombie (Ossuary)
  9 rats
711 creatures vanquished.

Vanquished Creatures (collateral kills)
  An orc priest (D:7)
  An orc wizard (D:7)
2 creatures vanquished.

Vanquished Creatures (others)
  An orc (D:12)
  A goblin (D:1)
  59 fungi
  A pillar of salt (D:12)
  84 plants
146 creatures vanquished.

Grand Total: 859 creatures vanquished

Notes
Turn   | Place    | Note
-------+----------+-------------------------------------------
     0 | D:1      | Gauvater the Formicid Fighter began the quest for the Orb.
     0 | D:1      | Reached XP level 1. HP: 18/18 MP: 1/1
   147 | D:1      | Reached XP level 2. HP: 24/24 MP: 2/2
   430 | D:1      | Reached XP level 3. HP: 29/30 MP: 3/3
   920 | D:2      | Found Zin's Purification Station.
   922 | D:2      | Found a glowing silver altar of Zin.
   928 | D:2      | Became a worshipper of Zin the Law-Giver
  1194 | D:2      | Found a faded altar of an unknown god.
  1215 | D:2      | Reached XP level 4. HP: 28/37 MP: 4/4
  1853 | D:2      | Noticed Jessica
  1867 | D:2      | Killed Jessica
  1868 | D:2      | Reached skill level 1 in Invocations
  1962 | D:3      | Reached XP level 5. HP: 38/42 MP: 5/5
  2069 | D:3      | Found a runed translucent door.
  2070 | D:3      | Noticed Crazy Yiuf
  2118 | D:3      | Found an ancient bone altar of Kikubaaqudgha.
  2133 | D:3      | Noticed Natasha
  2138 | D:3      | Killed Natasha
  2263 | D:3      | Reached * piety under Zin
  2391 | D:3      | Noticed Grinder
  2422 | D:3      | Killed Grinder
  2423 | D:3      | Reached XP level 6. HP: 32/50 MP: 7/7
  2652 | D:3      | Found a shimmering blue altar of Sif Muna.
  3085 | D:3      | Noticed Natasha
  3094 | D:3      | Killed Natasha
  3095 | D:3      | Reached XP level 7. HP: 36/55 MP: 7/9
  3219 | D:3      | Noticed Natasha
  3234 | D:3      | Killed Natasha
  4152 | D:4      | Reached skill level 5 in Fighting
  4152 | D:4      | Reached skill level 1 in Stealth
  4152 | D:4      | Reached skill level 5 in Shields
  4298 | D:4      | Noticed Blork the orc
  4298 | D:4      | Found a shadowy altar of Dithmenos.
  4307 | D:4      | Killed Blork the orc
  4308 | D:4      | Reached skill level 1 in Dodging
  4717 | D:4      | Reached XP level 8. HP: 59/62 MP: 11/11
  4775 | D:4      | Noticed Menkaure
  4796 | D:4      | Killed Menkaure
  5014 | D:4      | Noticed Robin
  5057 | D:4      | Killed Robin
  5372 | D:4      | Found a blossoming altar of Fedhas.
  5726 | D:5      | Entered Level 5 of the Dungeon
  5750 | D:5      | Reached skill level 1 in Throwing
  5778 | D:5      | Found a snail-covered altar of Cheibriados.
  5830 | D:5      | Reached ** piety under Zin
  5864 | D:5      | Reached skill level 5 in Axes
  6091 | D:5      | Found a stormy altar of Qazlal.
  6511 | D:5      | Reached XP level 9. HP: 69/69 MP: 12/12
  6777 | D:6      | Found a sand-covered staircase.
  6793 | D:6      | Reached skill level 5 in Invocations
  6795 | Ossuary  | Entered an ossuary
  7457 | Ossuary  | Reached *** piety under Zin
  8012 | D:6      | Found a radiant altar of Vehumet.
  8720 | D:6      | Found a staircase to the Ecumenical Temple.
  9665 | D:7      | Reached XP level 10. HP: 77/77 MP: 14/14
  9707 | D:7      | Found Fudyfecu's Distillery.
  9713 | D:7      | Bought a potion of heal wounds for 75 gold pieces
  9713 | D:7      | Bought a potion of heal wounds for 75 gold pieces
  9713 | D:7      | Bought a potion of degeneration for 15 gold pieces
  9986 | D:7      | Found Xucwu's Distillery.
 10020 | D:7      | Found a glowing golden altar of the Shining One.
 10074 | D:7      | Found Baleosuz's Gadget Boutique.
 10163 | D:7      | Found Heehadeb's Armour Emporium.
 10190 | D:7      | Found Kofo's Antique Armour Emporium.
 11145 | D:8      | Noticed a two-headed ogre
 11541 | D:8      | Reached **** piety under Zin
 11822 | D:8      | Killed a two-headed ogre
 12128 | D:8      | Got a steaming buckler
 12139 | D:8      | Identified the +3 buckler of Ashenzari's Respect {rF+
                  | Str+2} (You found it on level 8 of the Dungeon)
 12525 | D:9      | Found an opulent altar of Gozag.
 12812 | D:8      | Reached XP level 11. HP: 29/84 MP: 16/16
 13195 | D:9      | Found Toriqorch's Armour Boutique.
 13207 | D:9      | Reached skill level 1 in Long Blades
 13343 | D:9      | Donated 81 gold pieces to Zin
 13388 | D:9      | Reached skill level 1 in Maces & Flails
 13829 | D:10     | Entered Level 10 of the Dungeon
 13851 | D:10     | Reached skill level 2 in Long Blades
 14034 | D:10     | Reached skill level 3 in Long Blades
 14575 | D:10     | Reached ***** piety under Zin
 14644 | D:10     | Reached skill level 4 in Long Blades
 14923 | D:10     | Noticed a wizard
 14949 | D:10     | Killed a wizard
 15094 | D:10     | Noticed a large abomination
 15100 | D:10     | Reached skill level 5 in Armour
 15100 | D:10     | Noticed a large abomination
 15108 | D:10     | Killed a large abomination
 15109 | D:10     | Reached skill level 5 in Long Blades
 15480 | D:10     | Killed a large abomination
 15830 | D:10     | Got a brightly glowing halberd
 15830 | D:10     | Identified the +2 halberd of the Final Persimmons {pain,
                  | Fragile Str+5 Int+5} (You found it on level 10 of the
                  | Dungeon)
 15834 | D:10     | Got a smoking scimitar
 15834 | D:10     | Identified the +6 scimitar of Nemaifot {venom, rF+ Str-5
                  | Int+3 Dex+3} (You found it on level 10 of the Dungeon)
 16014 | D:11     | Noticed Grum
 16025 | D:11     | Reached skill level 5 in Stealth
 16031 | D:11     | Killed Grum
 16032 | D:11     | Reached skill level 6 in Long Blades
 16333 | D:11     | Noticed a two-headed ogre
 16355 | D:11     | Killed a two-headed ogre
 16356 | D:11     | Reached XP level 12. HP: 18/94 MP: 16/18
 16549 | D:11     | Found an ancient bone altar of Kikubaaqudgha.
 17227 | D:11     | Found a portal to a secret trove of treasure.
 17698 | D:11     | Reached skill level 7 in Long Blades
 17928 | D:11     | Found Haujehul's Distillery.
 17942 | D:11     | Bought a potion of might for 64 gold pieces
 18060 | D:12     | Noticed an eight-headed hydra
 18348 | D:11     | Upgraded the game from 0.26.0-3-g156281e41b to
                  | 0.26.0-5-gb5863c6483
 18478 | D:8      | Found a basalt altar of Yredelemnul.
 18496 | D:8      | Found a staircase to the Lair.
 19567 | Lair:1   | Entered Level 1 of the Lair of Beasts
 20073 | Lair:1   | Noticed Nergalle
 22178 | D:8      | Reached skill level 8 in Long Blades
 22195 | D:8      | Killed Nergalle
 22544 | Lair:1   | Found a glowing silver altar of Zin.
 22672 | Lair:1   | Reached XP level 13. HP: 88/102 MP: 19/19
 23338 | Lair:2   | Noticed Erica
 23352 | Lair:2   | Killed Erica
 23408 | Lair:2   | Noticed a five-headed hydra
 23419 | Lair:2   | Killed a one-headed hydra
 23420 | Lair:2   | Reached skill level 9 in Long Blades
 24004 | Lair:2   | Reached skill level 10 in Fighting
 24189 | Lair:2   | Noticed Harold
 24505 | Lair:2   | Killed Harold
 24865 | Lair:2   | Noticed an eight-headed hydra
 24874 | Lair:2   | Killed a three-headed hydra
 25171 | Lair:3   | Reached skill level 10 in Long Blades
 25339 | Lair:3   | Found a hole to the Spider Nest.
 27612 | Lair:4   | Reached XP level 14. HP: 105/111 MP: 21/21
 27661 | Lair:4   | Reached skill level 5 in Dodging
 27887 | Lair:4   | Reached skill level 11 in Long Blades
 27901 | Lair:4   | Reached skill level 1 in Spellcasting
 29838 | Lair:4   | Found a staircase to the Shoals.
 29850 | Lair:4   | Reached skill level 10 in Invocations
 31590 | Lair:5   | Reached skill level 12 in Long Blades
 33608 | Lair:5   | Found a viscous altar of Jiyva.
 33609 | Lair:5   | Found a staircase to the Slime Pits.
 34330 | D:12     | Found a runed translucent door.
 34816 | D:12     | Reached XP level 15. HP: 112/119 MP: 22/22
 34816 | D:12     | Found a staircase to the Orcish Mines.
 34909 | D:12     | Identified the Disquisition on the Ensnaring Voyage
 35043 | D:13     | Found Zamegaez's Antique Weapon Shoppe.
 35413 | D:13     | Reached ****** piety under Zin
 35433 | D:13     | Bought a crystal hand axe for 208 gold pieces
 35437 | D:13     | Identified the +4 hand axe of the Battered Tales {speed,
                  | rN++ Dex-4 SInv} (You bought it in a shop on level 13 of
                  | the Dungeon)
 35818 | D:13     | Got a twisted leather armour
 35828 | D:13     | Identified the +0 leather armour of Barnacled Wonder {-Tele
                  | +Fly rCorr} (You found it on level 13 of the Dungeon)
 36516 | Orc:1    | Entered Level 1 of the Orcish Mines
 36516 | Orc:1    | Found For Ful's Antique Weapon Shoppe.
 36516 | Orc:1    | Found a roughly hewn altar of Beogh.
 36969 | Orc:2    | Entered Level 2 of the Orcish Mines
 36979 | Orc:2    | Found a staircase to the Elven Halls.
 36987 | Orc:2    | Noticed Josephine
 37021 | Orc:2    | Killed Josephine
 37277 | D:7      | Bought a glowing kite shield for 157 gold pieces
 37312 | D:7      | Bought a +4 chain mail of willpower for 346 gold pieces
 37682 | Orc:2    | Reached skill level 10 in Axes
 38372 | Orc:2    | Reached skill level 13 in Long Blades
 39168 | Lair:6   | Entered Level 6 of the Lair of Beasts
 39232 | Lair:5   | Reached skill level 1 in Crossbows
 39466 | Lair:6   | Found an ancient bone altar of Kikubaaqudgha.
 42221 | Orc:2    | Found Tiffiq's General Store.
 42318 | Orc:2    | Found Pohoham's Distillery.
 42677 | Orc:2    | Bought a potion of might for 40 gold pieces
 42677 | Orc:2    | Bought a potion of cancellation for 80 gold pieces
 42679 | Orc:2    | Bought a +2 cloak for 214 gold pieces
 42907 | Orc:2    | Mangled by a sun demon

Illustrated notes

Levels and vault maps discovered:
D:1:      minmay_arrival_stair_chambers, layout_basic, dk_noncrumbling_2,
          lemuel_flame_loot_1
D:2:      minmay_evil_eye, layout_loops_cross, zin_purify,
          chequers_ecumenical_altar_island, uniq_jessica
D:3:      kennysheep_big_flooded_room, layout_loops_corners, led_sif_pool,
          kiku_gazebo_pond_becter, lexackson_kobold_supper,
          uniq_crazy_yiuf_cottage, uniq_grinder, uniq_natasha
D:4:      layout_gridville, kennysheep_mini, grunt_dithmenos_smoke,
          minivault_19, st_stairs_8, minmay_quadrilaterals, uniq_blork_the_orc,
          uniq_menkaure, uniq_robin
D:5:      cheibrodos_thug_alley, layout_rooms, lemuel_crystal_altar,
          slow_altar_2
D:6:      layout_loops_corners, minmay_temple_entry_statues, basic_altar,
          enter_ossuary_4
D:7:      layout_loops_corners, tso_oasis_becter, serial_shops,
          kennysheep_little_box, nicolae_shop_statue_plus, nicolae_shop_crystal,
          shop_fountains, kennysheep_mini_moat, chequers_serial_rivers_small_a
D:8:      minmay_inner_zag, layout_rooms, lemuel_zombie_altar_yredelemnul,
          erik_lair_island
D:9:      layout_irregular_city, lemuel_doored_altar, serial_shops,
          nicolae_shop_stone, minmay_nine_imps
D:10:     layout_irregular_city, laboratory
D:11:     layout_stronghold, basic_altar, enter_trove_0, serial_shops, shop,
          uniq_grum
D:12:     gammafunk_indiana_jones, layout_basic, special_room [special_room_orc]
D:13:     layout_small_grid, serial_shops, shop, kennysheep_nub
Lair:1:   layout_regular_city, basic_altar, uniq_nergalle
Lair:2:   statuecave_lemuel, layout_cave_pods, uniq_harold, uniq_erica
Lair:3:   layout_cave_pods, spider_nest_entry_webs, patterned_corridor,
          grunt_megastairs_5
Lair:4:   layout_layer_cave, minmay_shoals_entry_hut, roderic_carrion_pond,
          grunt_megastairs_1
Lair:5:   layout_hall_layers, dpeg_slime_entry_enclosed_altar,
          grunt_megastairs_3
Lair:6:   guppyfry_lair_end_dragon, layout_long_grid, basic_altar
Orc:1:    layout_caves, basic_altar, serial_shops, shop
Orc:2:    pf_orc_diabolical, layout_diamond_mine, uniq_josephine

Skill      XL: |  1  2  3  4  5  6  7  8  9 10 11 12 13 14 15 |
---------------+----------------------------------------------+-----
Shields        | 4 5 6 7 8 9 |  9.0
Fighting       | 4 5 6 7 8 9 10 11 12 | 12.6
Invocations    | 1 2 4 5 6 8 9 10 | 10.8
Axes           | 3 4 5 7 9 10 | 10.1
Armour         | 4 5 6 7 8 |  8.5
Stealth        | 1 2 3 5 6 8 9 |  9.9
Dodging        | 1 2 3 4 5 6 |  6.2
Throwing       | 1 2 3 |  3.7
Long Blades    | 6 8 10 12 13 | 13.2
Maces & Flails | 2 3 |  3.6
Spellcasting   | 2 |  2.3
Crossbows      | 4 |  4.6
Short Blades   | |  0.1
Evocations     | |  0.1

Action                   |  1- 3 |  4- 6 |  7- 9 | 10-12 | 13-15 || total
-------------------------+-------+-------+-------+-------+-------++-------
Melee: War axe           |    85 |   146 |   448 |   248 |       ||   927
       Dagger            |       |       |     7 |       |       ||     7
       Spear             |       |       |    10 |       |       ||    10
       Great sword       |       |       |       |   335 |   586 ||   921
       Dire flail        |       |       |       |    51 |       ||    51
       Scimitar          |       |       |       |   152 |   540 ||   692
       Morningstar       |       |       |       |       |    92 ||    92
       Hand axe          |       |       |       |       |   257 ||   257
 Fire: Arbalest          |       |       |       |       |    10 ||    10
Throw: Stone             |    25 |    15 |   134 |    22 |       ||   196
       Dart              |       |       |    20 |    48 |       ||    68
       Throwing net      |       |       |     1 |       |       ||     1
       Javelin           |       |       |       |    11 |    11 ||    22
       Boomerang         |       |       |       |       |    18 ||    18
Invok: Vitalisation      |       |       |     1 |     6 |    10 ||    17
       Recite            |       |       |     5 |    12 |     7 ||    24
       Donate Gold       |       |       |       |     1 |       ||     1
 Abil: Dig               |       |       |       |     2 |     2 ||     4
Evoke: Wand              |       |       |     5 |     6 |     3 ||    14
       Tin of tremorston |       |       |       |     1 |     1 ||     2
       Lightning rod     |       |       |       |       |     3 ||     3
  Use: Potion            |       |       |     4 |     8 |     4 ||    16
       Scroll            |       |       |     7 |    17 |    15 ||    39
 Stab: Paralysed         |       |       |    11 |       |     1 ||    12
       Confused          |       |       |       |     2 |     4 ||     6
Armor: Scale mail        |    35 |    75 |   158 |       |       ||   268
       Chain mail        |       |       |     6 |   224 |   378 ||   608
Dodge: Dodged            |    29 |    68 |   150 |   293 |   569 ||  1109
Block: Kite shield       |    46 |    80 |   266 |   676 |  1253 ||  2321
       Buckler           |       |       |       |    25 |       ||    25
       Rpst.: Great sword |       |       |       |    32 |    71 ||   103
       Scimitar          |       |       |       |    21 |    37 ||    58
